 Dungeon Crawl Stone Soup version 0.20-a0-555-gf6ae02d (webtiles) character file.

15271 Krakonus1 the Bludgeoner (level 11, -1/94 HPs)
             Began as a Troll Berserker on Feb 3, 2017.
             Was a High Priest of Trog.
             Slain by a sixfirhy (9 damage)
             ... summoned by an orc sorcerer
             ... led by an orc warlord
             ... on level 2 of the Orcish Mines.
             The game lasted 01:33:31 (13463 turns).

Krakonus1 the Bludgeoner (Troll Berserker)         Turns: 13463, Time: 01:33:32

Health: -1/94      AC: 14    Str: 30    XL:     11   Next: 99%
Magic:  3/3        EV:  8    Int:  3    God:    Trog [*****.]
Gold:   639        SH:  0    Dex:  9    Spells: 10/10 levels left

rFire    + + +     SeeInvis +   T - +2 great mace (antimagic)
rCold    x . .     Gourm    +   t - +2 fire dragon scales
rNeg     . . .     Faith    .   (shield currently unavailable)
rPois    .         Spirit   .   (helmet restricted)
rElec    .         Reflect  .   y - +0 cloak
rCorr    .         Harm     .   (gloves unavailable)
MR       .....                  (boots unavailable)
Stlth    ..........             (no amulet)
Regen    0.7/turn               i - ring of protection from fire
                                V - ring of see invisible

@: exhausted, slowed, very slow
A: unfitting armour, claws 3, fast metabolism 3, gourmand, regeneration 1,
shaggy fur 1, tough skin 2
a: Berserk, Trog's Hand, Brothers in Arms, Burn Spellbooks, Renounce Religion


You were on level 2 of the Orcish Mines.
You worshipped Trog.
Trog was extremely pleased with you.
You were very full.

You visited 3 branches of the dungeon, and saw 14 of its levels.
You also visited: Sewer and Ossuary.

You collected 807 gold pieces.
You spent 168 gold pieces at shops.

Inventory:

Hand Weapons
 D - a +2 giant spiked club
 K - a +2 morningstar of holy wrath
 M - a +0 shortbow of freezing
 O - a +0 hunting sling
 T - a +2 antimagic great mace (weapon)
Missiles
 e - 109 sling bullets
 f - 496 stones
 m - 68 poisoned needles
 F - 10 tomahawks
 H - a large rock (quivered)
 N - 198 arrows
 Q - 24 bolts
Armour
 t - +2 fire dragon scales (worn)
 y - a +0 cloak (worn)
 U - the +2 robe of the Sacrificial Victim {*Corrode +Inv rF+++ SInv}
   (You found it on level 9 of the Dungeon)

   It renders you almost immune to fire.
   It lets you see invisible.
   It lets you turn invisible.
   It may corrode you when you take damage.
 Y - a +2 robe of cold resistance
Jewellery
 i - a ring of protection from fire (right claw)
 V - a ring of see invisible (left claw)
 X - an uncursed ring of ice
 Z - an uncursed ring of wizardry
Wands
 b - a wand of enslavement (11/24)
 r - a wand of lightning (0/15)
 w - a wand of lightning (1/15)
 C - a wand of random effects (23/48)
 G - a wand of iceblast (4/15)
 L - a wand of lightning (0/15)
 P - a wand of polymorph (15/24)
 S - a wand of random effects (26/48)
 W - a wand of paralysis (13/24)
Scrolls
 p - 4 scrolls of remove curse
 s - a scroll of fog
 z - a scroll of fear
 B - 3 scrolls of amnesia
 I - 4 scrolls of immolation
Potions
 d - 2 potions of curing
 g - 2 potions of heal wounds
 h - a potion of lignification
 k - a potion of mutation
 l - 2 potions of brilliance
 o - 2 potions of cancellation
 u - 3 potions of flight
 x - a potion of cure mutation
 A - a potion of might
 E - 2 potions of agility
 J - a potion of berserk rage
 R - a potion of resistance
Miscellaneous
 a - a sack of spiders
Comestibles
 c - 3 bread rations
 j - 14 royal jellies
 q - 8 meat rations


   Skills:
 - Level 2.4 Fighting
 * Level 16.9 Maces & Flails
 - Level 2.4 Dodging


You had 10 spell levels left.
You didn't know any spells.

Dungeon Overview and Level Annotations

Branches:
Dungeon (10/15)            Temple (0/1) D:5            Lair (2/6) D:9
    Orc (2/2) D:9
  Swamp: Lair:2-4    Shoals: Lair:2-4     Snake: Lair:2-4    Spider: Lair:2-4
    Elf: Orc:2

Altars:
Elyvilon
Fedhas
Gozag
Hepliaklqana
Makhleb
Okawaru
Ru
Sif Muna
Trog
Yredelemnul
The Shining One

Shops:
D:8 *


Innate Abilities, Weirdness & Mutations

You are too large for most types of armour.
You have claws for hands.
Your metabolism is lightning-fast.
You like to eat raw meat.
Your natural rate of healing is unusually fast.
You are covered in fur. (AC +1)
You have very tough skin. (AC +2)


Message History

* * * LOW HITPOINT WARNING * * *
The sixfirhy shocks you!
* * * LOW HITPOINT WARNING * * *
The deep troll bites you but does no damage.
The deep troll claws you but does no damage.
The deep troll claws you.
* * * LOW HITPOINT WARNING * * *
The orc warrior barely misses you.
You are too berserk!
You are too berserk!
You are too berserk!
You are too berserk!
You are too berserk!
You are too berserk!
You are no longer berserk.
You are exhausted.
You feel yourself slow down. The sixfirhy hits you.
* * * LOW HITPOINT WARNING * * *
The sixfirhy shocks you!
You die...

.................# #.
................##### ##
#.......$.(......###.####
..................#...##.
........o(............#..
........oo...............
......)oT3o..............
.......3)o...............
......ยงยง@...##.#.....#...
................#........
.........................
.......^.................
.................#.......
................#........
................##.......
.........................
.#....##.................


You could see a deep troll, 2 sixfirhies, an orc sorcerer, 3 orc warriors, an
orc priest and an orc.

Vanquished Creatures
  An orc warlord (Orc:2)
  Fannar (Lair:1)
  2 two-headed ogres (D:9)
  A black mamba (Lair:1)
  Joseph (D:8)
  4 spiny frogs (Lair:1)
  3 komodo dragons
  A troll (Orc:2)
  A hornet (D:9)
  A blink frog (Lair:1)
  4 hippogriffs
  13 yaks
  4 wargs
  Edmund (D:5)
  Menkaure (D:7)
  Duvessa (D:7)
  A water moccasin (Lair:1)
  2 porcupines (Lair:1)
  5 orc warriors
  4 ice beasts
  4 sky beasts
  A necrophage (D:9)
  6 ogres
  2 centaurs
  A big kobold (Sewer)
  4 bullfrogs
  A wyvern zombie (D:8)
  A gnoll sergeant (D:9)
  Dowan (D:7)
  A wyvern skeleton (D:10)
  4 water moccasin zombies (Ossuary)
  3 scorpions
  3 killer bees (D:9)
  7 wights
  3 howler monkeys
  4 crimson imps
  A quasit (D:5)
  9 orc wizards
  8 orc priests
  A bullfrog skeleton (D:7)
  A gnoll shaman (D:8)
  4 hounds
  6 jellies
  2 iguanas
  8 worker ants
  A big kobold zombie (Ossuary)
  A hound zombie (D:6)
  2 hound skeletons
  2 mummies (Ossuary)
  11 gnolls
  2 howler monkey skeletons
  14 adders
  3 river rats
  2 shadow imps
  6 oozes
  An adder skeleton (D:7)
  6 adder zombies
  3 worms
  A dart slug (D:3)
  6 leopard geckos
  25 orcs
  3 giant cockroaches
  3 hobgoblins
  25 jackals
  11 kobolds
  4 quokkas
  2 ball pythons (D:3)
  8 bats
  7 frilled lizards
  3 gnoll zombies (Ossuary)
  3 goblins
  2 hobgoblin zombies (Ossuary)
  5 kobold zombies (Ossuary)
  A leopard gecko zombie (D:7)
  3 orc zombies (Ossuary)
  A quokka zombie (D:7)
  12 rats
  A rat zombie (D:7)
  A spectral orc (D:4)
  A butterfly (D:8)
320 creatures vanquished.

Vanquished Creatures (collateral kills)
  2 wargs (Orc:2)
  An orc warrior (Orc:2)
  An orc (D:9)
4 creatures vanquished.

Grand Total: 324 creatures vanquished

Notes
Turn   | Place    | Note
-------+----------+-------------------------------------------
     0 | D:1      | Krakonus1 the Troll Berserker began the quest for the Orb.
     0 | D:1      | Reached XP level 1. HP: 22/22 MP: 0/0
   143 | D:1      | Reached skill level 3 in Maces & Flails
   490 | D:1      | Reached XP level 2. HP: 29/29 MP: 1/1
  1059 | D:2      | Reached XP level 3. HP: 36/36 MP: 2/2
  1151 | D:2      | Reached skill level 4 in Maces & Flails
  1177 | D:2      | Gained mutation: You are resistant to hostile enchantments. (MR+) [potion of mutation]
  1177 | D:2      | Gained mutation: You have a beak for a mouth. [potion of mutation]
  1177 | D:2      | Gained mutation: Your system is resistant to poisons. (rPois) [potion of mutation]
  1224 | D:2      | Reached ** piety under Trog
  1465 | D:2      | Reached XP level 4. HP: 44/44 MP: 3/3
  1819 | D:3      | Reached skill level 5 in Maces & Flails
  2052 | D:3      | Reached XP level 5. HP: 50/50 MP: 4/4
  2304 | D:3      | Found a glowing drain.
  2317 | Sewer    | Entered a sewer
  2515 | Sewer    | Reached skill level 6 in Maces & Flails
  2560 | Sewer    | Found a white marble altar of Elyvilon.
  2757 | D:4      | Reached XP level 6. HP: 53/59 MP: 5/5
  2792 | D:4      | Reached *** piety under Trog
  2993 | D:4      | Found a basalt altar of Yredelemnul.
  3104 | D:4      | Found an iron altar of Okawaru.
  3367 | D:5      | Entered Level 5 of the Dungeon
  3369 | D:5      | Reached skill level 7 in Maces & Flails
  3419 | D:5      | Noticed Edmund
  3438 | D:5      | Killed Edmund
  3438 | D:5      | Reached XP level 7. HP: 57/66 MP: 6/6
  3563 | D:5      | Reached skill level 8 in Maces & Flails
  3611 | D:5      | Found a staircase to the Ecumenical Temple.
  4069 | D:5      | Found a blossoming altar of Fedhas.
  4149 | D:5      | Found a bloodstained altar of Trog.
  4150 | D:5      | Found a hazy altar of Hepliaklqana.
  4188 | D:6      | Reached **** piety under Trog
  4222 | D:6      | Reached skill level 9 in Maces & Flails
  4222 | D:6      | Reached XP level 8. HP: 55/74 MP: 7/7
  5255 | D:7      | Found a sand-covered staircase.
  5275 | Ossuary  | Entered an ossuary
  5306 | Ossuary  | Reached skill level 10 in Maces & Flails
  5489 | Ossuary  | Lost mutation: You are resistant to hostile enchantments. (MR+) [potion of cure mutation]
  5489 | Ossuary  | Lost mutation: You have a beak for a mouth. [potion of cure mutation]
  5489 | Ossuary  | Lost mutation: Your system is resistant to poisons. (rPois) [potion of cure mutation]
  5527 | D:7      | Found an opulent altar of Gozag.
  5573 | D:7      | Found a white marble altar of Elyvilon.
  5638 | D:7      | Found a blossoming altar of Fedhas.
  5730 | D:7      | Noticed Duvessa
  5746 | D:7      | Killed Duvessa
  5750 | D:7      | Noticed Dowan
  5774 | D:7      | Killed Dowan
  5774 | D:7      | Reached skill level 11 in Maces & Flails
  5774 | D:7      | Reached XP level 9. HP: 48/80 MP: 8/8
  5832 | D:7      | Found a burning altar of Makhleb.
  5846 | D:7      | Noticed a komodo dragon
  6159 | D:7      | Noticed Menkaure
  6162 | D:7      | Killed a komodo dragon
  6169 | D:7      | Killed Menkaure
  6327 | D:7      | Reached skill level 12 in Maces & Flails
  6474 | D:7      | Reached ***** piety under Trog
  6616 | D:8      | Noticed Joseph
  6803 | D:8      | Found Enifagh's Assorted Antiques.
  6811 | D:8      | Bought a scroll of identify for 48 gold pieces
  6811 | D:8      | Bought a scroll of identify for 48 gold pieces
  6811 | D:8      | Bought a potion of flight for 72 gold pieces
  6958 | D:8      | Killed Joseph
  7062 | D:8      | Found a sacrificial altar of Ru.
  7121 | D:8      | Found a glowing golden altar of the Shining One.
  7131 | D:8      | Identified a scroll of acquirement
  7282 | D:8      | Reached skill level 13 in Maces & Flails
  7285 | D:8      | Reached XP level 10. HP: 65/88 MP: 9/9
  7557 | D:8      | Upgraded the game from 0.20-a0-550-gf70bbbc to 0.20-a0-555-gf6ae02d
  7846 | D:9      | Noticed a two-headed ogre
  9327 | D:9      | Noticed a two-headed ogre
  9560 | D:9      | Reached skill level 14 in Maces & Flails
  9581 | D:9      | Found a staircase to the Lair.
  9704 | D:9      | Killed a two-headed ogre
  9779 | D:9      | Found a staircase to the Orcish Mines.
 10018 | D:9      | Found a deep blue altar of Sif Muna.
 10244 | D:9      | Got an opalescent robe
 10257 | D:9      | Identified the +2 robe of the Sacrificial Victim {*Corrode +Inv rF+++ SInv} (You found it on level 9 of the Dungeon)
 10369 | D:9      | Killed a two-headed ogre
 10369 | D:9      | Received a gift from Trog
 10369 | D:9      | Reached skill level 15 in Maces & Flails
 10369 | D:9      | Reached XP level 11. HP: 90/94 MP: 10/10
 10510 | D:10     | Entered Level 10 of the Dungeon
 10723 | Lair:1   | Entered Level 1 of the Lair of Beasts
 10829 | Orc:1    | Entered Level 1 of the Orcish Mines
 10974 | Lair:1   | Noticed Fannar
 10984 | Lair:1   | Killed Fannar
 11314 | Lair:1   | Received a gift from Trog
 11444 | Lair:1   | Reached skill level 16 in Maces & Flails
 12007 | Lair:1   | Found a bloodstained altar of Trog.
 12232 | D:10     | Noticed a death knight
 13090 | Orc:2    | Entered Level 2 of the Orcish Mines
 13445 | Orc:2    | Noticed an orc warlord
 13450 | Orc:2    | Noticed a deep troll
 13452 | Orc:2    | Noticed an orc sorcerer
 13455 | Orc:2    | Noticed a sixfirhy
 13458 | Orc:2    | Killed an orc warlord
 13459 | Orc:2    | Noticed a sixfirhy
 13463 | Orc:2    | Slain by a sixfirhy

Vault maps used:
D:1:      lemuel_arrival_rhombus
D:2:      first_bread
D:3:      portal_sewer_entry_e, guppyfry_early_lair_pool
D:4:      yredelemnul_forgotten_temple_becter, nicolae_overflow_hidden_temple
D:5:      gammafunk_temple_overflow_pools, minmay_temple_entry_butterflies,
          fedhas_altar_1, uniq_edmund
D:6:      grunt_ministairs_8, kennysheep_generic_room_6
D:7:      lemuel_crystal_altar, lemuel_crystal_altar,
          grunt_temple_overflow_open, enter_ossuary_4, uniq_menkaure,
          uniq_duvessa
D:8:      nicolae_ru_path_of_blood, serial_shops, shop,
          hangedman_little_slice_of_home, nicolae_tso_carved_into_rock,
          uniq_joseph
D:9:      erik_lair_orcish_takeover, orc_0_dummy, basic_altar
D:10:     minmay_holes
Lair:1:   basic_altar, uniq_fannar
Lair:2:   nicolae_spider_entry_orb_guardian, lab_entry_generic, uniq_harold
Orc:2:    st_orc_open, serial_shops, nicolae_shop_competitors_out_of_business,
          nicolae_orc_pool_cavern, uniq_snorg
Sewer:    sewer_kobolds
Ossuary:  ossuary_tomb_2

Skill      XL: |  1  2  3  4  5  6  7  8  9 10 11 |
---------------+----------------------------------+-----
Maces & Flails | 3 4 5 6 7 9 11 13 15 16 | 16.9
Fighting       | |  2.4
Dodging        | |  2.4

Action                   |  1- 3 |  4- 6 |  7- 9 | 10-12 || total
-------------------------+-------+-------+-------+-------++-------
Melee: Mace              |   115 |   196 |       |       ||   311
       Peck              |     4 |    30 |    42 |       ||    76
       Dire flail        |       |       |   391 |   208 ||   599
       Giant spiked club |       |       |     7 |       ||     7
       Morningstar       |       |       |    11 |   107 ||   118
       Great mace        |       |       |       |   133 ||   133
Throw: Stone             |       |    12 |    17 |     2 ||    31
       Large rock        |       |       |       |    27 ||    27
       Tomahawk          |       |       |       |     4 ||     4
Invok: Berserk           |       |       |     1 |     1 ||     2
       Brothers in Arms  |       |       |       |     1 ||     1
Evoke: Wand              |       |     4 |     6 |     5 ||    15
  Use: Scroll            |     6 |     6 |     8 |    15 ||    35
       Potion            |     2 |     4 |     3 |     5 ||    14
 Stab: Sleeping          |     1 |     1 |       |       ||     2
  Eat: Chunk             |    19 |    19 |    36 |    43 ||   117
       Bread ration      |       |       |       |     2 ||     2
       Fruit             |       |       |       |     5 ||     5
Armor: Animal skin       |    68 |    80 |       |       ||   148
       Fire dragon scale |       |    14 |   186 |   188 ||   388
Dodge: Dodged            |    74 |   140 |   124 |   122 ||   460
